 Dungeon Crawl Stone Soup version 0.30-a0-149-g7f746667c4 (webtiles) character file.

Game seed: 16778815429222430657

51 funkygono the Firebug (level 3, 0/19 HPs)
             Began as a Gargoyle Fire Elementalist on Sept 26, 2022.
             Killed from afar by Natasha (5 damage)
             ... with a magic dart
             ... on level 2 of the Dungeon.
             The game lasted 00:01:53 (1241 turns).

funkygono the Firebug (Gargoyle Fire Elementalist)  Turns: 1241, Time: 00:01:54

Health: 0/19       AC:  5    Str: 11    XL:     3   Next: 83%
Magic:  0/6        EV: 12    Int: 17    God:
Gold:   71         SH:  0    Dex: 10    Spells: 0/6 levels left

rFire   . . .      SeeInvis .    d - +0 club
rCold   . . .      Faith    .    (no shield)
rNeg    + . .      Spirit   .    a - +0 robe
rPois   ∞          Reflect  .    (no helmet)
rElec   +          Harm     .    (no cloak)
rCorr   .          Rampage  .    (no gloves)
Will    .....                    (no boots)
Stlth   ++........               (no amulet)
HPRegen 0.06/turn                (no ring)
MPRegen 0.10/turn                (no ring)

@: very slightly contaminated, slowed, very slow
A: sickness immunity, AC +3, negative energy resistance 1, electricity
resistance, torment resistance 1, petrification resistance
a: no special abilities


You were on level 2 of the Dungeon.
You visited 1 branch of the dungeon, and saw 2 of its levels.

You collected 71 gold pieces.

Inventory:

Hand Weapons
 d - a +0 club (weapon)
Armour
 a - a +0 robe (worn)
Scrolls
 e - a scroll of identify {unknown}
 g - a scroll of teleportation {unknown}
Potions
 b - 2 potions of magic
 c - a potion of degeneration {unknown}
 f - a potion of heal wounds {unknown}
 h - a potion of lignification {unknown}
 i - a potion of curing {unknown}


   Skills:
 + Level 2.0 Dodging
 - Level 2.1 Stealth
 + Level 2.4 Spellcasting
 + Level 1.5 Conjurations
 + Level 3.9 Fire Magic


You couldn't memorise any spells.
You knew the following spells:

 Your Spells              Type           Power      Damage    Failure   Level
a - Foxfire               Conj/Fire      44%        2x1d6     6%          1
b - Scorch                Fire           30%        2d6       5%          2
c - Kindle Blastsparks    Fire/Tloc/Air  12%        2d11      32%         3

Your spell library contained the following spells:

 Spells                   Type           Power      Damage    Failure   Level
 Inner Flame              Hex/Fire       8%         N/A       26%         3
 Flame Wave               Conj/Fire      11%        2d6       52%         4


Dungeon Overview and Level Annotations

Branches:
Dungeon (2/15)

Altars:

Annotations:
D:2 Natasha


Innate Abilities, Weirdness & Mutations

You are immune to sickness and miasma.
Your stone body is resilient. (AC +3)
You are immune to poison.
You resist negative energy. (rN+)
You are resistant to electric shocks. (rElec)
You are resistant to unholy torment.
You are immune to petrification.


Message History

Natasha howls an incantation.
Natasha glows brightly for a moment.
Casting: Foxfire (safe; 6% risk of failure)
Confirm with . or Enter, or press ? or * to list all spells.
You conjure some foxfire!
Natasha claws you.
Casting: Foxfire (safe; 6% risk of failure)
Confirm with . or Enter, or press ? or * to list all spells.
Flames lash Natasha.
Natasha is moderately wounded.
Natasha's fire resistance burns away.
You hear a shout!
You hear an angry hiss.
The foxfire hits Natasha!
Natasha is burned terribly!
Natasha is severely wounded.
The foxfire hits Natasha but does no damage.
Natasha is severely wounded.
Natasha claws you but does no damage.
You hit Natasha but do no damage.
Natasha is severely wounded.
Natasha barely misses you.
You barely miss Natasha.
Natasha is severely wounded.
Natasha is no longer more vulnerable to fire.
Natasha claws you.
A hobgoblin comes into view.
Natasha claws you.
* * * LOW HITPOINT WARNING * * *
Casting: Scorch (safe; 5% risk of failure)
Confirm with . or Enter, or press ? or * to list all spells.
You conjure some foxfire!
An adder comes into view.
Natasha casts a spell at you.
You feel yourself slow down.
Unknown command.
The foxfire hits Natasha but does no damage.
Natasha is severely wounded.
The foxfire hits Natasha.
Natasha is severely wounded.
Natasha casts a spell at you. The magic dart hits you.
You die...

#########.# ....
#..<......# #§.
#.######### #.# #.#
#####.#####
#†###########...g.....#
#.##......#.....#.###.#
#.##.####.#.§5h....##
#.##.# #...§.........#
#.##.## ###.@5.....##.#
#.##..#####.....#.## #
#....#......#S###.#
#####>#####.#.# ... #.#
#.#.. .<. #.# #.#### ##
#.# #.# #.# #.# #.# #.#


You could see Natasha, a crimson imp (summoned), an adder, a white imp
(summoned) and a hobgoblin.

Vanquished Creatures
  Natasha (D:2)
  A dart slug (D:1)
  3 bats (D:1)
  An endoplasm (D:1)
  3 hobgoblins (D:1)
  4 jackals (D:1)
  A quokka (D:1)
  2 ball pythons (D:1)
  A frilled lizard (D:1)
  2 goblins (D:1)
  4 rats (D:1)
23 creatures vanquished.

Vanquished Creatures (others)
  64 foxfires
64 creatures vanquished.

Grand Total: 87 creatures vanquished

Notes
Turn   | Place    | Note
-------+----------+-------------------------------------------
     0 | D:1      | funkygono the Gargoyle Fire Elementalist began the quest
                  | for the Orb.
     0 | D:1      | Reached XP level 1. HP: 10/10 MP: 3/3
   266 | D:1      | Reached XP level 2. HP: 15/15 MP: 0/5
   269 | D:1      | Learned a level 2 spell: Scorch
  1041 | D:1      | Reached XP level 3. HP: 18/19 MP: 3/6
  1045 | D:1      | Learned a level 3 spell: Kindle Blastsparks
  1151 | D:2      | Noticed Natasha
  1154 | D:2      | Killed Natasha
  1227 | D:2      | Noticed Natasha
  1241 | D:2      | Killed from afar by Natasha

Illustrated notes

Levels and vault maps discovered:
D:1:      dpeg_arrival_rooms_b, layout_loops_cross
D:2:      layout_loops_ring, basic_altar, uniq_natasha

Skill      XL: |  1  2  3 |
---------------+----------+-----
Dodging        | 2 |  2.0
Stealth        | |  2.1
Spellcasting   | |  2.4
Conjurations   | |  1.5
Fire Magic     | |  3.9

Action                   || total
-------------------------++-------
Melee: Unarmed           ||     5
       Club              ||    11
 Cast: Foxfire           ||    38
       Scorch            ||     2
Armor: Robe              ||     9
Dodge: Dodged            ||    25

Table legend: (Time is in decaauts)
 A = Elapsed time spent in this place.
 B = Non-inter-level travel time spent in this place.
 C = Inter-level travel time spent in this place.
 D = Time resting spent in this place.
 E = Time spent auto-exploring this place.
 F = Levels seen in this place.
 G = Mean time per level.
                   A        B        C        D        E       F      G
               +--------+--------+--------+--------+--------+-----+--------+
         Total |   1243 |   1231 |     12 |      0 |   1032 |   2 |  621.5 |
       Dungeon |   1243 |   1231 |     12 |      0 |   1032 |   2 |  621.5 |
               +--------+--------+--------+--------+--------+-----+--------+

Top non-repeatable levels by time:
     D:1: 1152 daAuts
     D:2: 91 daAuts
